 Dungeon Crawl Stone Soup version 0.31-a0-188-g5e087ee2ca (webtiles) character file.

Game seed: 7230058880024525290

102 qw the Shooter (level 4, 0/25 HPs)
             Began as a Deep Elf Hunter on June 23, 2023.
             Slain by a gnoll
             ... wielding a +0 flail
              (4 damage)
             ... on level 2 of the Dungeon.
             The game lasted 00:00:29 (1023 turns).

qw the Shooter (Deep Elf Hunter)                    Turns: 1023, Time: 00:00:29

Health: 0/25       AC:  5    Str:  8 (10) XL:     4   Next: 50%
Magic:  6/6        EV: 10    Int: 13 (14) God:
Gold:   67         SH:  0    Dex: 15 (18) Spells: 3/3 levels left

rFire   . . .        f - +0 shortbow (heavy)
rCold   . . .        (shield currently unavailable)
rNeg    . . .        g - +0 ring mail
rPois   .            (no helmet)
rElec   .            (no cloak)
rCorr   .            (no gloves)
SInv    .            (no boots)
Will    .....        (no amulet)
Stlth   +            (no ring)
HPRegen 0.24/turn    (no ring)
MPRegen 0.10/turn

%: no passive effects
@: no status effects
A: no striking features
a: no special abilities


You were on level 2 of the Dungeon.
You visited 1 branch of the dungeon, and saw 3 of its levels.

You collected 67 gold pieces.


   Skills:
 - Level 1.5 Fighting
 + Level 7.9 Ranged Weapons
 - Level 2.4 Dodging
 - Level 1.2 Stealth


You had 3 spell levels left.
You didn't know any spells.
Your spell library was empty.

Inventory:

Hand Weapons
 f - a +0 heavy shortbow (weapon)
Armour
 g - a +0 ring mail (worn)
Scrolls
 c - a scroll of identify
Potions
 d - a potion of heal wounds {unknown}
 h - a potion of magic {unknown}
 i - a potion of resistance {unknown}

Dungeon Overview and Level Annotations

Branches:
Dungeon (3/15)

Altars:

Annotations:
D:3 Sigmund


Message History

Where to? (* - list waypoints, Enter - D:3, ? - help)
What level of the Dungeon? (default 1, ? - help)
You climb downwards.
The gnoll shouts! x3; You hear a shout! x2
Found a stone staircase leading down.
There is a stone staircase leading up here.
There are monsters nearby!
Waypoint 2 assigned to D:3.
You shoot an arrow. The arrow hits the gnoll.
The gnoll is moderately wounded.
A kobold comes into view. It is wielding a +0 short sword.
You shoot an arrow. The arrow hits the gnoll!
The gnoll is severely wounded.
The gnoll hits you from afar with a +0 spear.
1008 ||| STAIRDANCE The gnoll barely misses you.
You climb upwards.
There is a stone staircase leading down here.
You start resting.
HP restored.
Done exploring.
(D) Dungeon
Where to? (* - list waypoints, Enter - D:3, ? - help)
What level of the Dungeon? (default 1, ? - help)
You climb downwards.
The gnoll hits you with a +0 flail.
There is a stone staircase leading up here.
1019 ||| STAIRDANCE The gnoll hits you with a +0 flail.
The gnoll hits you but does no damage.
You climb upwards.
There is a stone staircase leading down here.
You shoot an arrow. The arrow hits the gnoll!
The gnoll is severely wounded.
The gnoll hits you with a +0 whip. The gnoll hits you with a +0 flail!
The gnoll barely misses you. x2
You shoot an arrow. The arrow hits the gnoll!
You kill the gnoll!
The gnoll completely misses you. The gnoll closely misses you.
You shoot an arrow. The arrow hits the gnoll!
The gnoll is heavily wounded.
The gnoll barely misses you. The gnoll hits you with a +0 flail.
You die...

############ #...>......#
#..........# #####..........#
#..............# ###
##..#@)........# #..
##.g..........# #..
##...........# #..
##%#####.##### #.. #.# #.....#
#.. ########.# #####.# ###
#######.....##%## #.# #
#......!.....#..# #.######
##............#.########.(..##.


You could see a gnoll.

Vanquished Creatures
  Jessica (D:2)
  4 adders (D:2)
  A gnoll (D:2)
  3 dart slugs
  2 ball pythons
  2 endoplasms
  2 giant cockroaches
  2 hobgoblins (D:2)
  3 quokkas
  A bat (D:1)
  2 frilled lizards
  2 goblins (D:1)
  A kobold (D:2)
  3 rats
29 creatures vanquished.

Notes
Turn   | Place    | Note
-------+----------+-------------------------------------------
     0 | D:1      | qw the Deep Elf Hunter began the quest for the Orb.
     0 | D:1      | Reached XP level 1. HP: 12/12 MP: 3/3
     0 | D:1      | 0 ||| qw: Version: 0.3-a-9-g12657ce
     0 | D:1      | 0 ||| qw: Game counter: 3154
     0 | D:1      | 0 ||| qw: Always use a shield: true
     0 | D:1      | 0 ||| qw: God list: Okawaru
     0 | D:1      | 0 ||| qw: Allow faded altars: false
     0 | D:1      | 0 ||| qw: Do Orc after D:15 true
     0 | D:1      | 0 ||| qw: Do second Lair branch before Depths: true
     0 | D:1      | 0 ||| qw: Lair rune preference: random
     0 | D:1      | 0 ||| qw: Plans: Normal
     0 | D:1      | 0 ||| PLANNING D:1-11
   157 | D:1      | Reached XP level 2. HP: 16/16 MP: 4/4
   193 | D:1      | Reached skill level 6 in Ranged Weapons
   335 | D:1      | Found a faded altar of an unknown god.
   393 | D:1      | 393 ||| UPGRADING to +0 ring mail.
   403 | D:1      | 403 ||| DROPPING +0 leather armour.
   404 | D:1      | 404 ||| READING scroll labelled JOROZX KYNAXYR.
   505 | D:1      | 505 ||| READING scroll labelled IFOKLOICUTHRU.
   506 | D:1      | 506 ||| READING 2 scrolls labelled RILOFI LAEGAMU.
   536 | D:1      | 536 ||| READING 2 scrolls labelled IGUANWEABLU.
   537 | D:1      | 537 ||| DROPPING scroll of butterflies.
   538 | D:1      | 538 ||| DROPPING scroll of torment.
   556 | D:2      | Identified the +0 plate armour of Tomorrow {Int+7}
   595 | D:2      | Reached XP level 3. HP: 16/20 MP: 5/5
   700 | D:2      | Noticed Jessica
   702 | D:2      | Killed Jessica
   703 | D:2      | Reached skill level 7 in Ranged Weapons
   717 | D:2      | Reached XP level 4. HP: 25/25 MP: 6/6
   892 | D:2      | 892 ||| READING scroll labelled SITSIC IROENOS.
   893 | D:2      | 893 ||| READING scroll labelled ZAOTOT MANA.
   894 | D:2      | 894 ||| DRINKING 2 black potions.
   895 | D:2      | 895 ||| READING 2 scrolls of identify.
   895 | D:2      | 895 ||| IDENTIFYING glowing pink potion
   896 | D:2      | 896 ||| DROPPING potion of degeneration.
   897 | D:2      | 897 ||| DROPPING potion of attraction.
   899 | D:2      | 899 ||| Stepping ~*~*~tactically~*~*~ (cloud).
   905 | D:2      | HP: 6/25 [poisoned by you (poison gas)]
  1008 | D:3      | 1008 ||| STAIRDANCE
  1019 | D:3      | 1019 ||| STAIRDANCE
  1019 | D:3      | Noticed Sigmund
  1021 | D:2      | HP: 3/25 [gnoll/+0 flail (10)]
  1023 | D:2      | Slain by a gnoll

Levels and vault maps discovered:
D:1:      nagdon_arrival_double_spiral, layout_rooms,
          hellmonk_ecumenical_altar_heavens_door
D:2:      layout_rooms, minmay_tromino_v4_c, uniq_jessica
D:3:      minmay_thinvault, layout_basic, uniq_ijyb, uniq_terence, uniq_sigmund

Skill      XL: |  1  2  3 |
---------------+----------+-----
Ranged Weapons | 6 7 |  7.9
Fighting       | |  1.5
Dodging        | |  2.4
Stealth        | |  1.2

Action                     |  1- 3 |  4- 6 || total
---------------------------+-------+-------++-------
   Fire: Shortbow          |    40 |    29 ||    69
    Use: Scroll            |     4 |     3 ||     7
         Potion            |       |     1 ||     1
 Armour: Ring mail         |     3 |     6 ||     9
  Dodge: Dodged            |     2 |    10 ||    12

Table legend:
 A = Non-vault XP
 B = Vault XP
 C = Vault XP percentage of total XP
 D = Non-vault monster count
 E = Vault monster count
 F = Vault count percentage of total count
                 A         B        C        D         E       F
            +---------+---------+-------+---------+---------+-------
      Total |     108 |      39 |  26.5 |      27 |       2 |   6.9
            +---------+---------+-------+---------+---------+-------
        D:1 |      23 |       0 |   0.0 |      12 |       0 |   0.0
        D:2 |      85 |      39 |  31.5 |      15 |       2 |  11.8
            +---------+---------+-------+---------+---------+-------
